 Dungeon Crawl Stone Soup version 0.31-a0-672-g7da72447bb (webtiles) character file.

Game seed: 13259450726206700819

3812 randomguy2701 the Cleaver (level 10, -2/133 HPs)
             Began as a Hill Orc Fighter on Sept 4, 2023.
             Was a Priest of Beogh.
             Slain by an orc warrior
             ... wielding a +0 war axe
              (4 damage)
             ... on level 8 of the Dungeon.
             The game lasted 00:13:20 (7695 turns).

randomguy2701 the Cleaver (Hill Orc Fighter)        Turns: 7695, Time: 00:13:20

Health: -2/133     AC: 13    Str: 20    XL:     10   Next: 17%
Magic:  13/13      EV:  6    Int:  8    God:    Beogh [***...]
Gold:   472        SH:  5    Dex: 14    Spells: 9/9 levels left

rFire   + . .        a - +0 war axe
rCold   . . .        c - +0 buckler
rNeg    . . .        j - +0 plate armour
rPois   .            (no helmet)
rElec   .            (no cloak)
rCorr   +            (no gloves)
SInv    .            (no boots)
Will    .....        (no amulet) Stlth
                     q - ring of resist corrosion
HPRegen 0.42/turn    u - ring of protection from fire
MPRegen 0.13/turn

%: no passive effects
@: mighty, berserking, very quick
A: no striking features
a: Renounce Religion, Smiting


You were on level 8 of the Dungeon.
You worshipped Beogh.
Beogh was most pleased with you.
You visited 1 branch of the dungeon, and saw 8 of its levels.
You also visited: Sewer and Bailey.

You collected 472 gold pieces.

Inventory:

Hand Weapons
 a - a +0 war axe (weapon)
 s - a +0 battleaxe of flaming
Armour
 c - a +0 buckler (worn)
 j - a +0 plate armour (worn)
Jewellery
 q - a ring of resist corrosion (left hand)
 u - a ring of protection from fire (right hand)
 y - a ring of wizardry
Wands
 p - a wand of charming (34)
 B - a wand of roots (8)
Scrolls
 b - 2 scrolls of poison {unknown}
 f - 2 scrolls of enchant armour {unknown}
 g - 2 scrolls of identify
 k - 2 scrolls of fog {unknown}
 l - 2 scrolls of revelation {unknown}
 m - a scroll of brand weapon {unknown}
 n - a scroll of blinking {unknown}
 r - 4 scrolls of vulnerability
 t - a scroll of silence {unknown}
 v - 2 scrolls of amnesia {unknown}
 z - a scroll of immolation {unknown}
 A - 2 scrolls of teleportation {unknown}
 D - a scroll of fear {unknown}
 G - a scroll of enchant weapon {unknown}
Potions
 d - 4 potions of might
 e - a potion of brilliance
 i - a potion of mutation
 o - a potion of berserk rage
 w - a potion of invisibility {unknown}
 x - a potion of degeneration {unknown}
 C - a potion of heal wounds {unknown}
 E - a potion of haste {unknown}
 F - a potion of cancellation {unknown}


   Skills:
 + Level 8.3 Fighting
 + Level 12.1 Axes
 + Level 8.4 Armour
 + Level 1.3 Dodging
 + Level 5.2 Shields
 + Level 5.0 Invocations


You had 9 spell levels left.
You didn't know any spells.
Your spell library contained the following spells:

 Spells                   Type           Power      Damage    Failure   Level
 Freeze                   Ice            0%         1d3       100%        1
 Magic Dart               Conj           0%         1d3       100%        1
 Necrotise                Necr           0%         1d4       100%        1
 Sting                    Tmut/Pois      0%         1d3       100%        1
 Blink                    Tloc           0%         N/A       100%        2
 Call Imp                 Summ           0%         N/A       100%        2
 Poisonous Vapours        Pois/Air       0%         N/A       100%        2
 Frozen Ramparts          Ice            0%         1d1       100%        3
 Hailstorm                Conj/Ice       0%         3d3       100%        3
 Mephitic Cloud           Conj/Pois/Air  0%         N/A       100%        3
 Vampiric Draining        Necr           0%         2d6       100%        3
 Leda's Liquefaction      Hex/Erth       0%         N/A       100%        4
 Manifold Assault         Tloc           0%         N/A       100%        4
 Olgreb's Toxic Radiance  Pois           0%         N/A       100%        4
 Agony                    Necr           0%         N/A       100%        5
 Lee's Rapid Deconstruct  Erth           0%         3d4*      100%        5
 Leda's Unmaking          Conj/Erth      0%         9d1       100%        6


Dungeon Overview and Level Annotations

Branches:
Dungeon (8/15)             Temple (0/1) D:4           Sewer (visited)
 Bailey (visited)
   Lair: D:8-11

Altars:
Fedhas


Message History

Beogh accepts your kill.
You can now gain orcish followers.
You hit the orc warrior. You block the orc warrior's attack.
You barely miss the orc warrior.
The orc warrior is heavily wounded.
The orc warrior hits you with a +0 war axe.
You hit the orc warrior.
The orc warrior is heavily wounded.
A kobold brigand comes into view.
It is wielding a +0 club and quivering poisoned darts.
You block the orc warrior's attack.
You barely miss the orc warrior.
The orc warrior is heavily wounded.
The kobold brigand shouts!
You hear a shout!
The orc warrior hits you with a +0 war axe!
* * * LOW HITPOINT WARNING * * *
You closely miss the orc warrior.
The orc warrior is heavily wounded.
The kobold brigand throws a poisoned dart.
The poisoned dart hits you!
You are poisoned.
The orc warrior hits you with a +0 war axe!
* * * LOW HITPOINT WARNING * * *
You feel better. The kobold barely misses you.
A kobold comes into view. It is wielding a +0 dagger.
The orc warrior hits you with a +0 war axe.
* * * LOW HITPOINT WARNING * * *
You feel very mighty all of a sudden. The kobold hits you but does no damage.
The orc warrior hits you with a +0 war axe.
* * * LOW HITPOINT WARNING * * *
You hit the orc warrior.
The orc warrior is severely wounded.
You barely miss the kobold. The kobold hits you but does no damage.
The orc warrior hits you with a +0 war axe!
* * * LOW HITPOINT WARNING * * *
It was a potion of berserk rage.
A red film seems to cover your vision as you go berserk!
You feel yourself moving faster!
You feel mighty! The kobold barely misses you.
A kobold comes into view. It is wielding a +0 club.
The orc warrior hits you with a +0 war axe.
You die...

..............)..)...#####
...........###...)...#....
....>.......###..........#
............# #.##...#.#.#
..........#.# #.#......K..
..........#.###....[.#.#.#
..........#.##...........#
####.#...##.##..)...K##..#
# .#.#.......)@oK......# #
# #......)K........ .
#####.....####### ##
....#### .....## .......
....... ....... .......


You could see an orc warrior, a kobold brigand and 3 kobolds.

Vanquished Creatures
  Psyche (D:7)
  Sigmund (D:3)
  A wraith (D:7)
  Eustachio (D:5)
  A steam dragon (D:8)
  8 orc warriors
  2 ice beasts (D:6)
  3 black bears
  An ogre (D:5)
  2 phantoms
  3 centaurs
  Blork the orc (D:4)
  2 bullfrogs (D:7)
  3 scorpions
  2 hounds
  2 jellies
  2 orc priests
  2 sleepcaps
  An iguana (D:6)
  Natasha (thrice) (D:2)
  9 orc wizards
  A hell rat (Sewer)
  Ijyb (D:3)
  10 adders
  4 gnolls (Bailey)
  4 river rats
  A shadow imp (D:8)
  An ufetubus (D:5)
  3 worms
  2 dart slugs (D:3)
  37 orcs
  7 bats
  4 endoplasms
  3 giant cockroaches
  13 goblins
  12 hobgoblins
  4 jackals (D:1)
  4 quokkas
  6 ball pythons
  4 frilled lizards
  5 kobolds
  14 rats
191 creatures vanquished.

Notes
Turn   | Place    | Note
-------+----------+-------------------------------------------
     0 | D:1      | randomguy2701 the Hill Orc Fighter began the quest for the
                  | Orb.
     0 | D:1      | Reached XP level 1. HP: 19/19 MP: 1/1
   107 | D:1      | Reached XP level 2. HP: 27/27 MP: 2/2
   127 | D:1      | Reached skill level 3 in Axes
   692 | D:1      | Reached XP level 3. HP: 33/33 MP: 3/3
   946 | D:2      | Noticed Natasha
  1154 | D:2      | Killed Natasha
  1155 | D:2      | Reached skill level 1 in Dodging
  1155 | D:2      | Reached XP level 4. HP: 31/40 MP: 4/4
  1253 | D:2      | Reached skill level 4 in Axes
  1621 | D:2      | Noticed Natasha
  1635 | D:2      | Killed Natasha
  1663 | D:2      | Noticed Natasha
  1672 | D:2      | Killed Natasha
  1673 | D:2      | Reached XP level 5. HP: 38/47 MP: 5/5
  2010 | D:3      | Reached skill level 5 in Axes
  2049 | D:3      | Reached skill level 5 in Fighting
  2056 | D:3      | Reached XP level 6. HP: 37/56 MP: 6/6
  2226 | D:3      | Noticed Ijyb
  2241 | D:3      | Killed Ijyb
  2311 | D:3      | Became a worshipper of Beogh the Brigand
  2477 | D:3      | Noticed Sigmund
  2488 | D:3      | Killed Sigmund
  2489 | D:3      | Reached skill level 6 in Axes
  2489 | D:3      | Reached skill level 5 in Armour
  2489 | D:3      | Reached XP level 7. HP: 55/61 MP: 7/7
  2941 | D:4      | Found a staircase to the Ecumenical Temple.
  2974 | D:4      | Noticed Blork the orc
  2984 | D:4      | Killed Blork the orc
  3152 | D:4      | Reached skill level 7 in Axes
  3253 | D:4      | Reached * piety under Beogh
  3337 | D:5      | Entered Level 5 of the Dungeon
  3341 | D:5      | Noticed Eustachio
  3367 | D:5      | Killed Eustachio
  3491 | D:5      | Reached XP level 8. HP: 69/70 MP: 8/8
  3563 | D:5      | Found a blossoming altar of Fedhas.
  3634 | D:5      | Reached skill level 8 in Axes
  3913 | D:5      | Found a glowing drain.
  3919 | Sewer    | Entered a sewer
  4096 | D:5      | Reached skill level 9 in Axes
  4465 | D:6      | Reached skill level 1 in Invocations
  5007 | D:6      | Reached XP level 9. HP: 68/78 MP: 10/10
  5036 | D:6      | Reached skill level 10 in Axes
  5607 | D:6      | Reached ** piety under Beogh
  6123 | D:7      | Reached skill level 11 in Axes
  6717 | D:8      | Noticed Psyche
  6812 | D:7      | Killed Psyche
  6813 | D:7      | Reached skill level 5 in Shields
  6868 | D:8      | Found a flagged portal.
  6882 | D:8      | Reached skill level 5 in Invocations
  6882 | D:8      | Reached XP level 10. HP: 52/88 MP: 13/13
  6996 | Bailey   | Entered a bailey
  7344 | Bailey   | Reached skill level 12 in Axes
  7666 | Bailey   | Noticed an orc warlord
  7687 | D:8      | Reached *** piety under Beogh
  7694 | D:8      | HP: 1/89 [orc warrior/+0 war axe (8)]
  7695 | D:8      | Slain by an orc warrior

Illustrated notes

Levels and vault maps discovered:
D:1:      roderic_dead_forest, layout_basic
D:2:      layout_basic, uniq_natasha
D:3:      layout_basic, uniq_ijyb, uniq_sigmund
D:4:      layout_rooms, minmay_temple_entry_fiery, nicolae_half_adder,
          uniq_blork_the_orc
D:5:      layout_rooms, lemuel_doored_altar, gup_sewer_entry_spiral,
          hangedman_decor_lopped, uniq_eustachio
D:6:      layout_basic
D:7:      layout_basic, minmay_between
D:8:      layout_basic, nemelex_xobeh_ov_fountains_minmay, serial_shops, shop,
          enter_bailey_2, uniq_gastronok, uniq_erica, uniq_joseph, uniq_psyche

Skill      XL: |  1  2  3  4  5  6  7  8  9 10 |
---------------+-------------------------------+-----
Fighting       | 4 5 6 8 |  8.3
Axes           | 3 4 5 6 7 9 11 12 | 12.1
Dodging        | 1 |  1.3
Armour         | 4 5 6 8 |  8.4
Shields        | 4 5 |  5.2
Invocations    | 1 5 |  5.0

Action                     |  1- 3 |  4- 6 |  7- 9 | 10-12 || total
---------------------------+-------+-------+-------+-------++-------
  Melee: War axe           |    84 |   108 |   434 |    96 ||   722
 Invoke: Convert to Beogh  |       |     1 |       |       ||     1
  Evoke: Wand              |       |       |     1 |       ||     1
    Use: Scroll            |       |       |     4 |       ||     4
         Potion            |       |       |     1 |     3 ||     4
 Armour: Scale mail        |    93 |    14 |       |       ||   107
         Plate armour      |       |    85 |   412 |    80 ||   577
         Skin              |       |       |     9 |       ||     9
  Dodge: Dodged            |    61 |    23 |   102 |    24 ||   210
  Block: Buckler           |    33 |    21 |   111 |    25 ||   190

Table legend: (Time is in decaauts)
 A = Elapsed time spent in this place.
 B = Non-inter-level travel time spent in this place.
 C = Inter-level travel time spent in this place.
 D = Time resting spent in this place.
 E = Time spent auto-exploring this place.
 F = Levels seen in this place.
 G = Mean time per level.
                   A        B        C        D        E       F      G
               +--------+--------+--------+--------+--------+-----+--------+
         Total |   7868 |   7498 |    370 |    259 |   5617 |  10 |  786.8 |
       Dungeon |   7085 |   6715 |    370 |    259 |   5019 |   8 |  885.6 |
         Sewer |     98 |     98 |      0 |      0 |     32 |   1 |   98.0 |
        Bailey |    684 |    684 |      0 |      0 |    566 |   1 |  684.0 |
               +--------+--------+--------+--------+--------+-----+--------+

Top non-repeatable levels by time:
     D:5: 1248 daAuts
     D:7: 1125 daAuts
     D:6: 1100 daAuts
     D:1: 932 daAuts
     D:3: 884 daAuts
     D:2: 837 daAuts
     D:4: 779 daAuts
  Bailey: 684 daAuts
     D:8: 177 daAuts
   Sewer: 98 daAuts
